 Dungeon Crawl Stone Soup version 0.20.1-1-g8b1a95d (webtiles) character file.

86 daodarkstar the Skirmisher (level 4, -3/35 HPs)
             Began as a Demonspawn Fighter on Aug 8, 2017.
             Slain by daodarkstar's ghost (13 damage)
             ... on level 3 of the Dungeon.
             The game lasted 00:02:10 (1520 turns).

daodarkstar the Skirmisher (Demonspawn Fighter)     Turns: 1520, Time: 00:02:11

Health: -3/35      AC:  6    Str: 16    XL:     4   Next: 27%
Magic:  4/4        EV:  9    Int:  9    God:
Gold:   75         SH:  8    Dex: 14    Spells: 3/3 levels left

rFire    . . .     SeeInvis .   a - +0 war axe
rCold    . . .     Gourm    .   c - +0 shield
rNeg     + . .     Faith    .   o - +0 ring mail {rN+}
rPois    .         Spirit   .   (no helmet)
rElec    .         Reflect  .   (no cloak)
rCorr    .         Harm     .   k - +0 pair of gloves
MR       .....                  (no boots)
Stlth    +.........             (no amulet)
Regen    0.2/turn               (no ring)
MPRegen  0.1/turn               (no ring)

@: hasted, very quick
A: talons 1
a: no special abilities


You were on level 3 of the Dungeon.
You were not hungry.

You visited 1 branch of the dungeon, and saw 3 of its levels.

You collected 75 gold pieces.

Inventory:

Hand Weapons
 a - a +0 war axe (weapon)
Armour
 b - a +0 scale mail
 c - a +0 shield (worn)
 d - a +1 animal skin
 k - a +0 pair of gloves (worn)
 o - a +0 ring mail of positive energy (worn)
Wands
 u - a wand of flame (37/48)
Scrolls
 h - 2 scrolls of noise {unknown}
 m - a scroll of teleportation {unknown}
 n - 2 scrolls of blinking {unknown}
 r - 2 scrolls of identify {unknown}
 s - a scroll of enchant weapon {unknown}
 v - 3 scrolls of remove curse {unknown}
 x - a scroll of fear {unknown}
 y - a scroll of magic mapping {unknown}
Potions
 g - a potion of heal wounds {unknown}
 j - a potion of magic {unknown}
 l - a potion of brilliance {unknown}
 p - a potion of lignification {unknown}
 t - a potion of berserk rage {unknown}
 w - a potion of curing {unknown}
 z - a potion of mutation {unknown}
Comestibles
 f - 3 bread rations
 q - a meat ration


   Skills:
 + Level 3.4 Fighting
 + Level 2.6 Axes
 + Level 3.1 Armour
 + Level 2.0 Dodging
 - Level 2.6 Shields


You had 3 spell levels left.
You didn't know any spells.

Dungeon Overview and Level Annotations

Branches:
Dungeon (3/15)

Altars:

Annotations:
D:3 daodarkstar's ghost, weakling DsFi


Innate Abilities, Weirdness & Mutations

You have sharp toenails.


Message History

Daodarkstar's ghost is lightly damaged.
You block daodarkstar's ghost's attack.
You slash daodarkstar's ghost!
You claw daodarkstar's ghost, but do no damage.
Daodarkstar's ghost is heavily damaged.
Daodarkstar's ghost hits you!
A bat comes into view.
You slash daodarkstar's ghost!
You claw daodarkstar's ghost, but do no damage.
Daodarkstar's ghost is severely damaged.
Daodarkstar's ghost hits you!
You hit daodarkstar's ghost.
You claw daodarkstar's ghost, but do no damage.
Daodarkstar's ghost is almost destroyed.
Daodarkstar's ghost hits you.
* * * LOW HITPOINT WARNING * * *
You barely miss daodarkstar's ghost.
Daodarkstar's ghost is almost destroyed.
The bat barely misses you. Daodarkstar's ghost hits you!
You die...

#.#.##....#### #.....
#.(.##........ . .....
#(#..+.....#.. ..#....
#.#.##.....#.# .......
#)#.##.....#.# #.....
#.#.##.....#.# #....b
#.#..'.....#.#
#....####'####.....#.#
#...W@.......#..##.#..
#..............#........
#..............#.....###
#.........#+##.####### #
#.........# ... .
#.........# ### ##
#.........+ #.........#
........#


You could see daodarkstar's ghost and a bat.

Vanquished Creatures
  Robin (D:2)
  2 adders (D:2)
  An ooze (D:1)
  A worm (D:2)
  A dart slug (D:2)
  2 ball pythons
  A giant cockroach (D:1)
  11 goblins
  6 hobgoblins
  2 jackals (D:2)
  2 kobolds
  A quokka (D:2)
  6 bats
  3 frilled lizards (D:1)
  6 rats
46 creatures vanquished.

Notes
Turn   | Place    | Note
-------+----------+-------------------------------------------
     0 | D:1      | daodarkstar the Demonspawn Fighter began the quest for the Orb.
     0 | D:1      | Reached XP level 1. HP: 18/18 MP: 1/1
    50 | D:1      | Reached skill level 1 in Dodging
    53 | D:1      | Gained mutation: You have sharp toenails. [demonic ancestry]
    53 | D:1      | Reached XP level 2. HP: 19/24 MP: 2/2
   862 | D:2      | Reached XP level 3. HP: 25/29 MP: 3/3
  1142 | D:2      | Noticed Robin
  1148 | D:2      | Killed Robin
  1148 | D:2      | Reached XP level 4. HP: 35/35 MP: 4/4
  1512 | D:3      | Noticed daodarkstar's ghost (weakling DsFi)
  1520 | D:3      | Slain by daodarkstar's ghost

Skill      XL: |  1  2  3  4 |
---------------+-------------+-----
Dodging        | 1 2 |  2.0
Axes           | 2 |  2.6
Armour         | 3 |  3.1
Fighting       | |  3.4
Shields        | |  2.6

Action                   |  1- 3 |  4- 6 || total
-------------------------+-------+-------++-------
Melee: War axe           |    90 |    24 ||   114
       Kick              |    19 |     6 ||    25
  Use: Potion            |     1 |     1 ||     2
  Eat: Chunk             |     1 |     1 ||     2
Armor: Scale mail        |    28 |       ||    28
       Ring mail         |    22 |     9 ||    31
Dodge: Dodged            |    31 |     7 ||    38
Block: Shield            |    56 |    14 ||    70
